 Dungeon Crawl Stone Soup version 0.29.0-15-g675c0067aa (webtiles) character file.

Game seed: 240080985764726113

92 qw the Chopper (level 4, -8/58 HPs)
             Began as a Minotaur Berserker on Sept 12, 2022.
             Was a Believer of Trog.
             Mangled by a gnoll
             ... wielding a +0 halberd
             ... led by a gnoll bouda
              (11 damage)
             ... on level 4 of the Dungeon.
             The game lasted 00:00:26 (1207 turns).

qw the Chopper (Minotaur Berserker)                 Turns: 1207, Time: 00:00:27

Health: -8/58      AC:  8    Str: 24    XL:     4   Next: 35%
Magic:  3/3        EV:  8    Int:  4    God:    Trog [**....]
Gold:   95         SH:  0    Dex:  9    Spells: 3/3 levels left

rFire   . . .      SeeInvis .   Y - +0 hand axe
rCold   . . .      Faith    .   (no shield)
rNeg    . . .      Spirit   .   g - +0 chain mail
rPois   .          Reflect  .   (helmet restricted)
rElec   .          Harm     .   (no cloak)
rCorr   .          Rampage  .   (no gloves)
Will    .....                   (no boots)
Stlth   ..........              (no amulet)
HPRegen 0.19/turn               (no ring)
MPRegen 0.08/turn               (no ring)

@: berserking (expiring), very quick
A: horns 2, retaliatory headbutt
a: Renounce Religion, Berserk, Trog's Hand


You were on level 4 of the Dungeon.
You worshipped Trog.
Trog was pleased with you.
You visited 1 branch of the dungeon, and saw 3 of its levels.

You collected 95 gold pieces.


Innate Abilities, Weirdness & Mutations

You have a pair of horns on your head.
You reflexively headbutt those who attack you in melee.


   Skills:
 - Level 3.6 Fighting
 + Level 6.3 Axes
 - Level 2.4 Armour
 - Level 2.1 Dodging


You had 3 spell levels left.
You didn't know any spells.
Your spell library was empty.

Inventory:

Hand Weapons
 d - a +0 club
 Y - a +0 hand axe (weapon)
Armour
 g - a +0 chain mail (worn)
Scrolls
 a - a scroll of fear {unknown}
 b - a scroll of amnesia {unknown}
 i - 2 scrolls of identify
Potions
 f - a potion of degeneration {unknown}
 h - a potion of flight {unknown}
 j - a potion of lignification {unknown}
 m - a potion of berserk rage {unknown}

Dungeon Overview and Level Annotations

Branches:
Dungeon (4/15)
 Temple: D:4-7

Altars:


Message History

The gnoll hits you from afar with a +0 halberd!
You hit the gnoll bouda.
The gnoll bouda is lightly wounded.
You slash the gnoll bouda!
The gnoll bouda is severely wounded.
The gnoll bouda closely misses you.
The gnoll hits you from afar with a +0 halberd!
You barely miss the gnoll bouda.
The gnoll bouda is severely wounded.
You barely miss the gnoll. The gnoll hits you but does no damage.
The gnoll bouda hits you but does no damage.
The gnoll hits you from afar with a +0 halberd.
You hit the gnoll bouda.
The gnoll bouda is almost dead.
You hit the gnoll. The gnoll hits you but does no damage.
The gnoll bouda hits you with a +0 club!
The gnoll hits you from afar with a +0 halberd.
You hit the gnoll bouda.
You kill the gnoll bouda!
Trog accepts your kill.
You closely miss the gnoll.
Your Axes skill increases to level 6!
You have reached level 4!
You feel stronger.
You slash the gnoll!
You kill the gnoll!
Trog accepts your kill.
The gnoll hits you from afar with a +0 halberd!
An adder and 2 gnolls come into view.
The gnoll shouts! x2
The gnoll hits you with a +0 halberd.
Things that are here:
a +0 club; a +0 robe You hit the gnoll.
Your headbutt misses the gnoll.
The gnoll is lightly wounded.
You hit the gnoll. Your headbutt misses the gnoll.
The gnoll is moderately wounded.
The gnoll hits you with a +0 halberd!
You die...

##.......##.....
####........... ..
########..##....##..
.......:..........)
.#.........#......
................### ~
.#........>....... ...
#.........##.#)###...~.
#.......:..)..%@.....~S
#............).)g....~g
####.##...##.#.......~g
#. #...##.#.###...~.
#......##.#.# ..¤~¤
###......... #.~~
#...##.#.# ...
#...##.#.# .#


You could see 3 gnolls and an adder.

Vanquished Creatures
  A gnoll bouda (D:4)
  2 gnolls (D:4)
  An adder (D:4)
  3 ball pythons
  3 bats (D:1)
  4 endoplasms (D:1)
  A giant cockroach (D:1)
  A goblin (D:1)
  2 hobgoblins (D:1)
  7 jackals (D:1)
  3 kobolds
  2 frilled lizards (D:1)
  4 rats (D:1)
34 creatures vanquished.

Vanquished Creatures (others)
  A plant (D:4)
1 creature vanquished.

Grand Total: 35 creatures vanquished

Notes
Turn   | Place    | Note
-------+----------+-------------------------------------------
     0 | D:1      | qw the Minotaur Berserker began the quest for the Orb.
     0 | D:1      | Reached XP level 1. HP: 19/19 MP: 0/0
     0 | D:1      | 0 ||| qw: Version: 0.1-a-119-g272c26d
     0 | D:1      | 0 ||| qw: Game counter: 10857
     0 | D:1      | 0 ||| qw: Always use a shield: true
     0 | D:1      | 0 ||| qw: Do Orc after D:15 true
     0 | D:1      | 0 ||| qw: Do second Lair branch before Depths: true
     0 | D:1      | 0 ||| qw: Lair rune preference: random
     0 | D:1      | 0 ||| qw: Plans: Normal
     0 | D:1      | 0 ||| PLANNING D:1-11
    73 | D:1      | Reached skill level 4 in Axes
    90 | D:1      | 90 ||| Stepping ~*~*~tactically~*~*~ (stealth).
    91 | D:1      | 91 ||| Stepping ~*~*~tactically~*~*~ (stealth).
    99 | D:1      | Reached XP level 2. HP: 21/26 MP: 1/1
   299 | D:1      | Found a faded altar of an unknown god.
   406 | D:1      | 406 ||| Stepping ~*~*~tactically~*~*~ (stealth).
   413 | D:1      | Reached ** piety under Trog
   525 | D:1      | 525 ||| Stepping ~*~*~tactically~*~*~ (stealth).
   531 | D:1      | Reached skill level 5 in Axes
   602 | D:1      | Reached XP level 3. HP: 31/31 MP: 2/2
   648 | D:1      | 648 ||| Stepping ~*~*~tactically~*~*~ (stealth).
   898 | D:1      | 898 ||| UPGRADING to +0 chain mail.
   908 | D:1      | 908 ||| DROPPING +0 animal skin.
   909 | D:1      | 909 ||| READING scroll labelled EHYRHI RUPT.
   910 | D:1      | 910 ||| READING scroll labelled XETOSTRYTSI.
   911 | D:1      | 911 ||| READING 2 scrolls labelled EBOUNOALEF.
   912 | D:1      | 912 ||| READING scroll labelled IPOMMA QUEFO.
  1013 | D:1      | 1013 ||| READING scroll labelled KUL VELYSK.
  1171 | D:2      | You fall into a shaft and drop 2 floors!
  1195 | D:4      | 1195 ||| INVOKING Berserk.
  1204 | D:4      | Reached skill level 6 in Axes
  1204 | D:4      | Reached XP level 4. HP: 16/39 MP: 3/3
  1204 | D:4      | HP: 8/58 [gnoll/+0 halberd[a gnoll bouda] (8)]
  1205 | D:4      | HP: 3/58 [gnoll/+0 halberd[a gnoll bouda] (5)]
  1207 | D:4      | Mangled by a gnoll

Levels and vault maps discovered:
D:1:      wheals_arrival_linesprint, layout_rooms,
          shapermc_ecumenical_altar_venn
D:2:      layout_basic
D:4:      wad_woods_stonehenge, layout_basic, mainiacjoe_overflow_brackets,
          minmay_temple_entry_metal_lava

Skill      XL: |  1  2  3 |
---------------+----------+-----
Axes           | 4 5 6 |  6.3
Fighting       | |  3.6
Armour         | |  2.4
Dodging        | |  2.1

Action                   |  1- 3 |  4- 6 || total
-------------------------+-------+-------++-------
Melee: Hand axe          |    65 |     3 ||    68
       Headbutt          |     7 |       ||     7
Invok: Berserk           |     1 |       ||     1
  Use: Scroll            |     5 |       ||     5
Armor: Animal skin       |     7 |       ||     7
       Chain mail        |     4 |       ||     4
Dodge: Dodged            |    39 |       ||    39

Table legend:
 A = Non-vault XP
 B = Vault XP
 C = Vault XP percentage of total XP
 D = Non-vault monster count
 E = Vault monster count
 F = Vault count percentage of total count
                 A         B        C        D         E       F
            +---------+---------+-------+---------+---------+-------
      Total |     132 |       0 |   0.0 |      34 |       0 |   0.0
            +---------+---------+-------+---------+---------+-------
        D:1 |      44 |       0 |   0.0 |      26 |       0 |   0.0
        D:2 |       5 |       0 |   0.0 |       3 |       0 |   0.0
        D:4 |      83 |       0 |   0.0 |       5 |       0 |   0.0
            +---------+---------+-------+---------+---------+-------
